 Dungeon Crawl Stone Soup version 0.20-a0-3-g334f831 (webtiles) character file.

47 dobroeutro the Ruffian (level 3, -10/36 HPs)
             Began as a Troll Monk on Oct 30, 2016.
             Mangled by an ogre
             ... wielding a +0 giant spiked club
              (17 damage)
             ... on level 3 of the Dungeon.
             The game lasted 00:01:24 (1153 turns).

dobroeutro the Ruffian (Troll Monk)                 Turns: 1153, Time: 00:01:24

Health: -10/36     AC:  5    Str: 20    XL:     3   Next: 48%
Magic:  2/2        EV: 10    Int:  6    God:
Gold:   103        SH:  0    Dex: 12    Spells: 0 memorised, 2 levels left

rFire  x . .     SeeInvis .       - Unarmed
rCold  + . .     Gourm    +     a - +0 robe
rNeg   + . .     Faith    .     (no shield)
rPois  .         Spirit   .     (helmet restricted)
rElec  .         Reflect  .     (no cloak)
rCorr  .         Harm     .     (gloves unavailable)
MR     .....                    (boots unavailable)
Stlth  ++........               (no amulet)
                                k - ring of ice
                                g - ring of positive energy

@: no status effects
A: unfitting armour, claws 3, fast metabolism 3, gourmand, regeneration 1,
shaggy fur 1, tough skin 2
a: no special abilities


You were on level 3 of the Dungeon.
You were very full.

You visited 1 branch of the dungeon, and saw 3 of its levels.

You collected 103 gold pieces.

Inventory:

Armour
 a - a +0 robe (worn)
Jewellery
 g - a ring of positive energy (left claw)
 k - a ring of ice (right claw)
Scrolls
 e - 3 scrolls of identify {unknown}
 h - a scroll of remove curse {unknown}
 j - 2 scrolls of fog {unknown}
Potions
 d - a potion of brilliance {unknown}
 f - 2 potions of might {unknown}
Comestibles
 b - 2 bread rations
 c - 2 meat rations


   Skills:
 + Level 2.9 Fighting
 + Level 1.2 Armour
 + Level 2.7 Dodging
 - Level 1.0 Stealth
 + Level 3.3 Unarmed Combat


You had 2 spell levels left.
You didn't know any spells.

Dungeon Overview and Level Annotations

Branches:
Dungeon (3/15)

Altars:
Nemelex Xobeh


Innate Abilities, Weirdness & Mutations

You are too large for most types of armour.
You have claws for hands.
Your metabolism is lightning-fast.
You like to eat raw meat.
Your natural rate of healing is unusually fast.
You are covered in fur. (AC +1)
You have very tough skin. (AC +2)


Message History

A giant cockroach comes into view.
You scratch the ogre.
The ogre is lightly wounded.
The ogre hits you with a giant spiked club!
You scratch the ogre.
The ogre is moderately wounded.
You claw the ogre!
The ogre is severely wounded.
The ogre hits you with a giant spiked club!!
Ouch! That really hurt!
* * * LOW HITPOINT WARNING * * *
You scratch the ogre but do no damage.
The ogre is severely wounded.
The ogre barely misses you.
You scratch the ogre.
The ogre is almost dead.
You scratch the ogre.
The ogre is almost dead.
The ogre hits you with a giant spiked club!
You die...

## ### #. ###.. ....#.#
..... #.... ...# #.s####
##... #.O@..####..#
#.###...##..# ##.# ###....#
###
.#######...######...##....)
.......<...................
..#####.#########..###.#...
#†..#.......##.. #
#.#...###.#.##.# ###.#..##
#.#....##


You could see an ogre and a giant cockroach.

Vanquished Creatures
  A worm (D:2)
  A dart slug (D:2)
  5 orcs (D:3)
  2 ball pythons
  3 giant cockroaches
  4 goblins
  7 hobgoblins
  5 kobolds
  3 bats
  A rat (D:1)
32 creatures vanquished.

Notes
Turn   | Place    | Note
-------+----------+-------------------------------------------
     0 | D:1      | dobroeutro the Troll Monk began the quest for the Orb.
     0 | D:1      | Reached XP level 1. HP: 22/22 MP: 0/0
   144 | D:1      | Reached XP level 2. HP: 29/29 MP: 1/1
   686 | D:2      | Found a sparkling altar of Nemelex Xobeh.
   824 | D:2      | Reached XP level 3. HP: 25/36 MP: 2/2
   826 | D:2      | Reached skill level 1 in Armour
  1142 | D:3      | Noticed an ogre
  1153 | D:3      | Mangled by an ogre

Vault maps used:
D:1:      shiori_arrival_oz, serial_forest, infiniplex_forest_lined_3,
          infiniplex_forest_lined_3, infiniplex_forest_clump_tiny,
          infiniplex_forest_clump_double, infiniplex_forest_clump_curved,
          infiniplex_forest_clump_C
D:2:      nemelex_xobeh_ov_fountains_minmay

Skill      XL: |  1  2  3 |
---------------+----------+-----
Armour         | 1 |  1.2
Fighting       | |  2.9
Dodging        | |  2.7
Stealth        | |  1.0
Unarmed Combat | |  3.3

Action                   || total
-------------------------++-------
Melee: Unarmed           ||    75
  Eat: Chunk             ||    11
       Bread ration      ||     1
Armor: Robe              ||    19
Dodge: Dodged            ||    39
